 Dungeon Crawl Stone Soup version 0.30-a0-29-g142975f185 (webtiles) character file.

Game seed: 4772943340068926582

24 Setbun the Insei (level 3, 0/26 HPs)
             Began as a Merfolk Transmuter on Aug 27, 2022.
             Succumbed to an adder's poison
             ... on level 2 of the Dungeon.
             The game lasted 00:00:39 (754 turns).

Setbun the Insei (Merfolk Transmuter)                Turns: 754, Time: 00:00:40

Health: 0/26       AC:  2    Str: 12    XL:     3   Next: 2%
Magic:  4/6        EV: 13    Int: 12    God:
Gold:   96         SH:  0    Dex: 14    Spells: 5/6 levels left

rFire   . . .      SeeInvis .      - Unarmed
rCold   . . .      Faith    .    (no shield)
rNeg    . . .      Spirit   .    a - +0 robe
rPois   .          Reflect  .    (helmet currently unavailable)
rElec   .          Harm     .    (no cloak)
rCorr   .          Rampage  .    (no gloves)
Will    .....                    (boots currently unavailable)
Stlth   +.........               (no amulet)
HPRegen 0.08/turn                (no ring)
MPRegen 0.10/turn                (no ring)

@: lethally poisoned (0 -> -7), appendages (expiring)
A: horns 2, (nimble swimmer 2), mertail
a: End Transformation


You were on level 2 of the Dungeon.
You had temporarily grown beastly horns.
You visited 1 branch of the dungeon, and saw 2 of its levels.

You collected 96 gold pieces.

Inventory:

Armour
 a - a +0 robe (worn)
Scrolls
 c - a scroll of identify {unknown}
 d - a scroll of immolation {unknown}
 e - 2 scrolls of teleportation {unknown}
 f - a scroll of poison {unknown}
 g - a scroll of fog {unknown}
Potions
 b - a potion of lignification


   Skills:
 + Level 1.2 Fighting
 + Level 2.9 Dodging
 + Level 3.9 Unarmed Combat
 + Level 2.3 Spellcasting
 + Level 3.0 Transmutations


You had 5 spell levels left.
You knew the following spells:

 Your Spells              Type           Power      Damage    Failure   Level
a - Beastly Appendage     Tmut           16%        N/A       8%          1

Your spell library contained the following spells:

 Spells                   Type           Power      Damage    Failure   Level
 Wereblood                Tmut           8%         N/A       12%         2
 Spider Form              Tmut/Pois      5%         N/A       38%         3
 Ice Form                 Ice/Tmut       5%         N/A       80%         4


Dungeon Overview and Level Annotations

Branches:
Dungeon (2/15)

Altars:

Shops:
D:1 (


Innate Abilities, Weirdness & Mutations

You have temporarily grown beastly horns.
((You are very nimble when in or above water. (Stealth+, EV+, Speed+++)))
Your lower body shifts to a powerful aquatic tail in water.


Message History

Increase (S)trength, (I)ntelligence, or (D)exterity?
You feel stronger. x2
An adder comes into view.
An adder is nearby!
An adder is nearby!
An adder is nearby!
You extend your transformation's duration.
The adder hisses angrily.
The adder bites you.
There is a stone staircase leading up here.
You miss the adder. Your headbutt misses the adder.
The adder closely misses you.
You completely miss the adder.
You headbutt the adder, but do no damage.
Your transformation is almost over.
The adder closely misses you.
A dart slug comes into view.
The adder barely misses you.
You hit the adder but do no damage. The adder bites you.
You barely miss the adder. The adder closely misses you.
You completely miss the adder. The adder bites you.
You hit the adder.
The adder is heavily wounded.
The adder misses you.
You closely miss the adder. Your headbutt misses the adder.
The adder is heavily wounded.
The adder bites you.
You are poisoned.
The adder poisons you! The adder bites you.
You are lethally poisoned!
The adder poisons you!
You hit the adder. Your headbutt misses the adder.
The adder is severely wounded.
* * * LOW HITPOINT WARNING * * *
You feel very sick. The adder bites you.
* * * LOW HITPOINT WARNING * * *
You miss the adder.
The adder is severely wounded.
You die...

## . ...#####
#.#
#...$.####....
#...........
#..†......
#@##...... #S#
..... #w# ....
..# ... ... ..
..#. . .. #
...


You could see an adder and a dart slug.

Vanquished Creatures
  A worm (D:2)
  A giant cockroach (D:1)
  2 hobgoblins
  4 jackals (D:1)
  2 ball pythons (D:1)
  2 bats (D:1)
  2 frilled lizards (D:1)
  3 goblins (D:1)
  A kobold (D:1)
  4 rats (D:1)
22 creatures vanquished.

Notes
Turn   | Place    | Note
-------+----------+-------------------------------------------
     0 | D:1      | Setbun the Merfolk Transmuter began the quest for the Orb.
     0 | D:1      | Reached XP level 1. HP: 15/15 MP: 3/3
    40 | D:1      | Reached XP level 2. HP: 19/21 MP: 5/5
    85 | D:1      | Found Purph's Antique Weapon Shoppe.
   743 | D:2      | Reached XP level 3. HP: 19/26 MP: 4/6
   753 | D:2      | HP: 1/26 [adder (4)]
   754 | D:2      | Succumbed to an adder's poison

Illustrated notes

Levels and vault maps discovered:
D:1:      ncdulo_halloftheorcs, layout_rooms, serial_shops, nicolae_square_shop
D:2:      layout_rooms, serial_shops, shop, minmay_misc_feat_chi,
          minmay_tetromino_s4

Skill      XL: |  1 |
---------------+----+-----
Transmutations | 3 |  3.0
Fighting       | |  1.2
Dodging        | |  2.9
Unarmed Combat | |  3.9
Spellcasting   | |  2.3

Action                   || total
-------------------------++-------
Melee: Unarmed           ||    80
       Headbutt          ||    11
       Punch             ||     1
 Cast: Beastly Appendage ||    13
Armor: Robe              ||    11
Dodge: Dodged            ||    51

Table legend: (Time is in decaauts)
 A = Elapsed time spent in this place.
 B = Non-inter-level travel time spent in this place.
 C = Inter-level travel time spent in this place.
 D = Time resting spent in this place.
 E = Time spent auto-exploring this place.
 F = Levels seen in this place.
 G = Mean time per level.
                   A        B        C        D        E       F      G
               +--------+--------+--------+--------+--------+-----+--------+
         Total |    747 |    731 |     16 |      0 |    589 |   2 |  373.5 |
       Dungeon |    747 |    731 |     16 |      0 |    589 |   2 |  373.5 |
               +--------+--------+--------+--------+--------+-----+--------+

Top non-repeatable levels by time:
     D:1: 728 daAuts
     D:2: 19 daAuts
